 Dungeon Crawl Stone Soup version 0.20.1-1-g8b1a95d (webtiles) character file.

121 slacker the Chopper (level 4, -1/39 HPs)
             Began as a Minotaur Berserker on July 30, 2017.
             Was a Believer of Trog.
             Slain by an ogre
             ... wielding a +0 giant club
              (10 damage)
             ... on level 4 of the Dungeon.
             The game lasted 00:04:09 (1995 turns).

slacker the Chopper (Minotaur Berserker)            Turns: 1995, Time: 00:04:10

Health: -1/39      AC: 11    Str: 22    XL:     4   Next: 76%
Magic:  3/3        EV:  7    Int:  4    God:    Trog [**....]
Gold:   127        SH:  0    Dex: 10    Spells: 3/3 levels left

rFire    . . .     SeeInvis .   a - +0 hand axe
rCold    . . .     Gourm    .   (no shield)
rNeg     . . .     Faith    .   e - +0 plate armour
rPois    .         Spirit   .   (helmet restricted)
rElec    .         Reflect  .   (no cloak)
rCorr    .         Harm     .   (no gloves)
MR       ++...                  (no boots)
Stlth    ..........             (no amulet)
Regen    1.2/turn               (no ring)
MPRegen  0.1/turn               (no ring)

@: regenerating
A: retaliatory headbutt, horns 2
a: Berserk, Trog's Hand, Burn Spellbooks, Renounce Religion


You were on level 4 of the Dungeon.
You worshipped Trog.
Trog was pleased with you.
You were not hungry.

You visited 1 branch of the dungeon, and saw 4 of its levels.

You collected 127 gold pieces.

Inventory:

Hand Weapons
 a - a +0 hand axe (weapon)
 b - a +0 hunting sling
Missiles
 h - 59 stones (quivered)
Armour
 e - a +0 plate armour (worn)
Scrolls
 d - 3 scrolls of magic mapping
 i - a scroll of remove curse
 k - 3 scrolls of identify
 m - a scroll of fear {unknown}
 o - a scroll of enchant armour {unknown}
 p - a scroll of fog {unknown}
Potions
 g - a potion of curing
 j - 2 potions of mutation
Comestibles
 c - 2 bread rations
 f - a chunk of flesh
 l - 3 fruits


   Skills:
 - Level 3.6 Fighting
 + Level 6.7 Axes
 - Level 2.4 Armour
 - Level 2.1 Dodging


You had 3 spell levels left.
You didn't know any spells.

Dungeon Overview and Level Annotations

Branches:
Dungeon (4/15)
 Temple: D:4-7

Altars:


Innate Abilities, Weirdness & Mutations

You reflexively headbutt those who attack you in melee.
You have a pair of horns on your head.


Message History

No target in view!
You butcher the leopard gecko corpse.
f - 2 chunks of flesh You now have 127 gold pieces (gained 6).
Eating one of 2 chunks of flesh.
You eat one of the 2 chunks of flesh.
This raw flesh tastes terrible.
An ogre comes into view. It is wielding a giant club.
The ogre shouts!
The ogre hits you with a giant club!
You slash the ogre! Your headbutt misses the ogre.
The ogre is moderately wounded.
The ogre hits you with a giant club!
* * * LOW HITPOINT WARNING * * *
You are too injured to fight recklessly!
You are too injured to fight recklessly!
You are too injured to fight recklessly!
Your skin crawls.
You feel resistant to hostile enchantments.
You feel somewhat more hungry. The ogre hits you with a giant club!
You die...

#.....##...#####.
^...##.....##... #..
#..........#
#.###........###
#..#.........# #
#............#
###.............#
####...............#
#...@..............#
#.....O..?.............
........#.............
#......#.............
###....#...........
###..#..........
##.#......... #.
........


You could see an ogre.

Vanquished Creatures
  4 adders
  2 oozes
  A dart slug (D:2)
  2 leopard geckos
  2 orcs (D:3)
  3 ball pythons
  2 giant cockroaches
  10 goblins
  12 hobgoblins
  3 jackals (D:3)
  11 kobolds
  9 bats
  A frilled lizard (D:1)
  3 rats
65 creatures vanquished.

Notes
Turn   | Place    | Note
-------+----------+-------------------------------------------
     0 | D:1      | slacker the Minotaur Berserker began the quest for the Orb.
     0 | D:1      | Reached XP level 1. HP: 19/19 MP: 0/0
    70 | D:1      | Reached skill level 4 in Axes
    97 | D:1      | Reached XP level 2. HP: 18/26 MP: 1/1
   463 | D:1      | Reached skill level 5 in Axes
   589 | D:1      | Reached XP level 3. HP: 30/31 MP: 2/2
   780 | D:2      | Reached ** piety under Trog
  1027 | D:2      | Reached skill level 6 in Axes
  1027 | D:2      | Reached XP level 4. HP: 39/39 MP: 3/3
  1990 | D:4      | Noticed an ogre
  1995 | D:4      | Slain by an ogre

Skill      XL: |  1  2  3 |
---------------+----------+-----
Axes           | 4 5 6 |  6.7
Fighting       | |  3.6
Armour         | |  2.4
Dodging        | |  2.1

Action                   |  1- 3 |  4- 6 || total
-------------------------+-------+-------++-------
Melee: Hand axe          |    74 |    72 ||   146
       Headbutt          |    11 |    11 ||    22
Invok: Trog's Hand       |       |     1 ||     1
  Use: Scroll            |       |     4 ||     4
  Eat: Chunk             |       |     4 ||     4
Armor: Animal skin       |     5 |       ||     5
       Plate armour      |    33 |    59 ||    92
Dodge: Dodged            |    37 |    29 ||    66
